 Dungeon Crawl Stone Soup version 0.30-a0-862-g1aabd4f9c5 (webtiles) character file.

Game seed: 2319451441760926648

25 Dittersdorf the Trooper (level 3, -2/23 HPs)
             Began as a Gargoyle Fighter on Mar 9, 2023.
             Slain by a worm (6 damage)
             ... on level 2 of the Dungeon.
             The game lasted 00:00:29 (569 turns).

Dittersdorf the Trooper (Gargoyle Fighter)           Turns: 569, Time: 00:00:30

Health: -2/23      AC: 10    Str: 21    XL:     3   Next: 6%
Magic:  3/3        EV:  9    Int:  8    God:
Gold:   31         SH:  4    Dex:  9    Spells: 2/2 levels left

rFire   . . .      SeeInvis .    a - +0 flail
rCold   . . .      Faith    .    c - +0 buckler
rNeg    + . .      Spirit   .    b - +0 scale mail
rPois   ∞          Reflect  .    (no helmet)
rElec   +          Rampage  .    (no cloak)
rCorr   .                        (no gloves)
Will    .....                    (no boots) Stlth
                                 (no amulet)
HPRegen 0.23/turn                (no ring)
MPRegen 0.08/turn                (no ring)

@: no status effects
A: sickness immunity, AC +3, negative energy resistance 1, electricity
resistance, torment resistance 1, petrification resistance
a: no special abilities


You were on level 2 of the Dungeon.
You visited 1 branch of the dungeon, and saw 2 of its levels.

You collected 31 gold pieces.

Inventory:

Hand Weapons
 a - a +0 flail (weapon)
Armour
 b - a +0 scale mail (worn)
 c - a +0 buckler (worn)
Scrolls
 e - a scroll of enchant weapon {unknown}
Potions
 d - 2 potions of might
 f - a potion of brilliance {unknown}


   Skills:
 + Level 3.6 Fighting
 + Level 2.4 Maces & Flails
 + Level 3.6 Armour
 + Level 3.6 Shields


You had 2 spell levels left.
You didn't know any spells.
Your spell library was empty.

Dungeon Overview and Level Annotations

Branches:
Dungeon (2/15)

Altars:


Innate Abilities, Weirdness & Mutations

You are immune to sickness and miasma.
Your stone body is resilient. (AC +3)
You are immune to poison.
You resist negative energy. (rN+)
You are resistant to electric shocks. (rElec)
You are resistant to unholy torment.
You are immune to petrification.


Message History

You are too injured to fight recklessly!
You are too injured to fight recklessly!
You are too injured to fight recklessly!
You are too injured to fight recklessly!
You are too injured to fight recklessly!
The goblin attacks as you move away! The goblin hits you with a +0 club.
You barely miss the hobgoblin.
The hobgoblin is severely wounded.
The hobgoblin barely misses you.
You barely miss the hobgoblin.
The hobgoblin is severely wounded.
You block the hobgoblin's attack. The hobgoblin barely misses you.
You hit the hobgoblin.
You kill the hobgoblin!
You have reached level 3!
Your experience leads to an increase in your attributes!
Increase (S)trength, (I)ntelligence, or (D)exterity?
You feel stronger. x2
You hit the goblin.
The goblin is heavily wounded.
The goblin closely misses you.
You hit the goblin but do no damage.
The goblin is heavily wounded.
The goblin hits you with a +0 club. The goblin barely misses you.
You hit the goblin but do no damage.
The goblin is heavily wounded.
You block the goblin's attack.
You hit the goblin.
You kill the goblin!
The worm barely misses you. The worm bites you.
* * * LOW HITPOINT WARNING * * *
Things that are here:
a +0 club; a goblin corpse; a hobgoblin corpse You completely miss the worm.
You block the worm's attack. The worm closely misses you.
You barely miss the worm. The worm bites you but does no damage.
You thump the worm!
The worm is heavily wounded.
The worm bites you.
You die...

#.............
#.............
#.............
#...<.......#.
##.............
#.......†......
#.#.......†w.....
#>.....ww##.##.#.
##.....#@# #
#....##.# #.###
#......# #
##...### ..## ..#
... .... ....#


You could see 2 worms.

Vanquished Creatures
  2 bats (D:1)
  An endoplasm (D:2)
  2 giant cockroaches (D:1)
  A goblin (D:2)
  3 hobgoblins
  3 jackals (D:1)
  A kobold (D:1)
  2 quokkas (D:1)
  4 ball pythons
  3 rats (D:1)
22 creatures vanquished.

Notes
Turn   | Place    | Note
-------+----------+-------------------------------------------
     0 | D:1      | Dittersdorf the Gargoyle Fighter began the quest for the
                  | Orb.
     0 | D:1      | Reached XP level 1. HP: 14/14 MP: 1/1
   111 | D:1      | Reached XP level 2. HP: 13/19 MP: 2/2
   562 | D:2      | Reached XP level 3. HP: 11/23 MP: 3/3
   569 | D:2      | Slain by a worm

Illustrated notes

Levels and vault maps discovered:
D:1:      roderic_dead_forest, layout_rooms, kennysheep_boxes
D:2:      layout_rooms, hellmonk_ecumenical_altar_crossroads

Action                     || total
---------------------------++-------
  Melee: Flail             ||    67
 Armour: Scale mail        ||    35
  Dodge: Dodged            ||    41
  Block: Buckler           ||    19

Table legend: (Time is in decaauts)
 A = Elapsed time spent in this place.
 B = Non-inter-level travel time spent in this place.
 C = Inter-level travel time spent in this place.
 D = Time resting spent in this place.
 E = Time spent auto-exploring this place.
 F = Levels seen in this place.
 G = Mean time per level.
                   A        B        C        D        E       F      G
               +--------+--------+--------+--------+--------+-----+--------+
         Total |    590 |    574 |     16 |      0 |    441 |   2 |  295.0 |
       Dungeon |    590 |    574 |     16 |      0 |    441 |   2 |  295.0 |
               +--------+--------+--------+--------+--------+-----+--------+

Top non-repeatable levels by time:
     D:1: 561 daAuts
     D:2: 28 daAuts
